 Dungeon Crawl Stone Soup version 0.20.1-1-g8b1a95d (webtiles) character file.

79 Liatris the Chopper (level 4, -7/33 HPs)
             Began as a Demonspawn Gladiator on Aug 17, 2017.
             Mangled by a gnoll
             ... wielding a cursed +0 spear
              (9 damage)
             ... on level 3 of the Dungeon.
             The game lasted 00:07:23 (1718 turns).

Liatris the Chopper (Demonspawn Gladiator)          Turns: 1718, Time: 00:07:24

Health: -7/33      AC:  3    Str: 16    XL:     4   Next: 17%
Magic:  0/4        EV: 13    Int:  9    God:
Gold:   101        SH:  0    Dex: 14    Spells: 3/3 levels left

rFire    . . .     SeeInvis .   a - +0 war axe
rCold    . . .     Gourm    .   (no shield)
rNeg     . . .     Faith    .   b - +0 leather armour
rPois    .         Spirit   +   (helmet restricted)
rElec    .         Reflect  .   (no cloak)
rCorr    .         Harm     .   (no gloves)
MR       .....                  (no boots)
Stlth    +.........             (no amulet)
Regen    0.2/turn               (no ring)
MPRegen  0.1/turn               (no ring)

@: no status effects
A: claws 1, horns 1, clumsy 1, strong 1, magic shield
a: no special abilities


You were on level 3 of the Dungeon.
You were not hungry.

You visited 1 branch of the dungeon, and saw 3 of its levels.

You collected 101 gold pieces.

Inventory:

Hand Weapons
 a - a +0 war axe (weapon)
Missiles
 d - 3 throwing nets (quivered)
Armour
 b - a +0 leather armour (worn)
 c - a +0 helmet
Jewellery
 k - an uncursed ring of wizardry {unknown}
 m - an uncursed ring of resist corrosion {unknown}
Scrolls
 e - 3 scrolls of remove curse
 l - a scroll of teleportation
Comestibles
 f - 3 bread rations
 g - a meat ration
 i - a royal jelly


   Skills:
 + Level 2.2 Fighting
 + Level 3.7 Axes
 + Level 1.9 Throwing
 + Level 0.3 Armour
 + Level 3.3 Dodging
 + Level 0.6 Stealth


You had 3 spell levels left.
You didn't know any spells.

Dungeon Overview and Level Annotations

Branches:
Dungeon (3/15)

Altars:
Qazlal
Trog


Innate Abilities, Weirdness & Mutations

You have sharp fingernails.
When hurt, damage is shared between your health and your magic reserves.
You have a pair of small horns on your head.
You are clumsy. (Dex -2)
Your muscles are strong. (Str +2)


Message History

The gnoll hits you from afar with a spear.
The gnoll hits you from afar with a halberd!
* * * LOW HITPOINT WARNING * * *
The gnoll barely misses you. The gnoll closely misses you.
You feel much better. The gnoll completely misses you.
The gnoll barely misses you.
The gnoll hits you from afar with a spear!
You closely miss the gnoll.
You headbutt the gnoll, but do no damage.
The gnoll hits you from afar with a halberd.
The gnoll hits you with a spear!
The gnoll hits you from afar with a spear.
You barely miss the gnoll.
The gnoll hits you from afar with a halberd!
* * * LOW HITPOINT WARNING * * *
The gnoll closely misses you. The gnoll completely misses you.
The gnoll hits you with a spear.
* * * LOW HITPOINT WARNING * * *
The gnoll closely misses you. The gnoll hits you with a spear!
You die...

#........#
#........#
#$.......#
#.<......#
#........#
#........#
#...<....#
####>gg.....#
#..?.g@)....#
...####.######
###.....#
#.#####


You could see 3 gnolls.

Vanquished Creatures
  A gnoll (D:3)
  An adder (D:2)
  3 oozes
  2 worms
  2 dart slugs (D:2)
  3 bats (D:2)
  3 giant cockroaches
  3 goblins (D:1)
  6 hobgoblins
  4 jackals (D:1)
  A quokka (D:2)
  3 frilled lizards
  4 kobolds
  3 rats
39 creatures vanquished.

Notes
Turn   | Place    | Note
-------+----------+-------------------------------------------
     0 | D:1      | Liatris the Demonspawn Gladiator began the quest for the Orb.
     0 | D:1      | Reached XP level 1. HP: 16/16 MP: 1/1
   143 | D:1      | Gained mutation: You have a pair of small horns on your head. [potion of mutation]
   143 | D:1      | Gained mutation: You are clumsy. (Dex -2) [potion of mutation]
   143 | D:1      | Gained mutation: Your muscles are strong. (Str +2) [potion of mutation]
   240 | D:1      | Gained mutation: When hurt, damage is shared between your health and your magic reserves. [demonic ancestry]
   240 | D:1      | Reached XP level 2. HP: 19/22 MP: 2/2
   693 | D:2      | Reached XP level 3. HP: 27/27 MP: 1/3
   715 | D:2      | Found a stormy altar of Qazlal.
   721 | D:2      | Found a bloodstained altar of Trog.
  1437 | D:2      | Gained mutation: You have sharp fingernails. [demonic ancestry]
  1437 | D:2      | Reached XP level 4. HP: 32/33 MP: 4/4
  1718 | D:3      | Mangled by a gnoll

Skill      XL: |  1  2 |
---------------+-------+-----
Axes           | 3 |  3.7
Dodging        | 3 |  3.3
Fighting       | |  2.2
Throwing       | |  1.9
Armour         | |  0.3
Stealth        | |  0.6

Action                   |  1- 3 |  4- 6 || total
-------------------------+-------+-------++-------
Melee: War axe           |   113 |     7 ||   120
       Headbutt          |    13 |     3 ||    16
  Use: Potion            |     5 |     2 ||     7
       Scroll            |     5 |       ||     5
 Stab: Invisible         |     1 |       ||     1
  Eat: Bread ration      |     1 |       ||     1
Armor: Leather armour    |    33 |     1 ||    34
Dodge: Dodged            |   102 |    16 ||   118
